[Event "ESTCC U50 2018"]
[Site "Walbrzych"]
[Date "2018.04.14"]
[Round "1"]
[White "Grabuzova, Tatiana"]
[Black "Pastor Alonso De Prado, Alberto"]
[Result "1-0"]
[ECO "D31"]
[WhiteElo "2311"]
[BlackElo "2162"]
[Annotator "NA"]
[PlyCount "105"]
[EventDate "2018.??.??"]
[EventCountry "POL"]
[SourceTitle "playchess.com"]
[Source "ChessBase"]
[SourceQuality "1"]
[WhiteTeam "Russia"]
[BlackTeam "Spain"]
[WhiteTeamCountry "RUS"]
[BlackTeamCountry "ESP"]
[TimeControl "40/5400+30:1800+30"]

1. d4 d5 2. c4 e6 3. Nc3 Be7 4. Bf4 Nf6 5. e3 O-O 6. a3 c5 7. dxc5 Bxc5 8. Nf3 Nc6 9. Be2 Bb6 10. O-O d4 11. exd4 Nxd4 12. Nxd4 Bxd4 13. Nb5 Bxb2 14. Rb1 e5 15. Be3 Bd4 16. Nxd4 exd4 17. Qxd4 b6 18. c5 Bf5 19. Rbd1 Qxd4 20. Bxd4 bxc5 21. Bxc5 Rfc8 22. Rc1 Rc7 23. Rfd1 h5 24. Ba6 Rb8 25. Be3 Rxc1 26. Rxc1 Nd5 27. Bd4 Be6 28. h4 Rb3 29. Ra1 Nc7 30. Be2 a5 31. Bxh5 Nb5 32. Bc5 Rc3 33. Be7 Nd4 34. a4 Nc2 35. Rb1 Bb3 36. Bd8 Na3 37. Ra1 Nc2 38. Rb1 Na3 39. Re1 Bxa4 40. Ra1 Bc6 41. Bxa5 Rc5 42. Bxf7+ Kxf7 43. Rxa3 Rc4 44. h5 Rg4 45. f3 Rg5 46. g4 Rb5 47. Kf2 Kg8 48. Bc3 Rb7 49. Ra6 Be8 50. Ra8 Kf7 51. Bxg7 Rb3 52. Ra7+ Kg8 53. Rc7 1-0

[Event "ESTCC U50 2018"]
[Site "Walbrzych"]
[Date "2018.04.14"]
[Round "1"]
[White "Rooze, Jan"]
[Black "Robertson, Ian C"]
[Result "1-0"]
[ECO "C10"]
[WhiteElo "2307"]
[BlackElo "2038"]
[Annotator "NA"]
[PlyCount "66"]
[EventDate "2018.??.??"]
[EventCountry "POL"]
[SourceTitle "playchess.com"]
[Source "ChessBase"]
[SourceQuality "1"]
[WhiteTeam "Belgium"]
[BlackTeam "Scotland"]
[WhiteTeamCountry "BEL"]
[BlackTeamCountry "SCO"]
[TimeControl "40/5400+30:1800+30"]

1. e4 e6 2. d4 d5 3. Nc3 dxe4 4. Nxe4 Bd7 5. Nf3 Bc6 6. Bd3 Nd7 7. O-O Ngf6 8. Ng3 Bxf3 9. Qxf3 c6 {[%emt 0:00:48] C10: French with 3 Nc3: Unusual Black 3rd moves and 3...dxe4} 10. Re1 (10. c4 Be7 11. b3 Qa5 12. Bc2 O-O 13. Bb2 Ba3 14. Qc3 Qxc3 15. Bxc3 a5 16. Rab1 Be7 17. Bd3 Rfd8 18. Rfd1 b6 {½-½ (66) Kosteniuk,A (2557)-Ding,Y (2424) Riadh 2017}) 10... g6 11. Bd2 $146 ({Find the theoretical novelty and annotate with similar games:} 11. Bg5 h6 12. Rxe6+ fxe6 13. Bxg6+ Ke7 14. Nf5+ exf5 15. Re1+ Ne5 16. Rxe5+ Kd6 17. Re6+ Kc7 18. Bxf6 Qd7 19. Be5+ Kd8 20. Re8+ {1-0 (20) Castellanos,R (2094)-Camarena Gimenez,R (2348) Cullera 2004}) 11... Bg7 12. c4 O-O 13. Bc3 Re8 14. Rad1 Qc7 15. Bc2 b5 16. b3 Rac8 17. Re2 Qd6 18. h3 a6 19. Qe3 Qa3 20. Bb1 bxc4 21. bxc4 Bh6 (21... c5 $11) 22. Qxh6 Qxc3 23. Rc2 ({White should try} 23. c5 $1 $14) 23... Qb4 24. Qc1 $11 Rb8 25. a3 Qd6 26. Rc3 Rb7 27. Rf3 Kg7 28. h4 h5 29. Bc2 c5 30. Qa1 cxd4 31. Rxd4 Qe5 32. Re3 Qc5 33. Ne4 Kg8 1-0

[Event "ESTCC U50 2018"]
[Site "Walbrzych"]
[Date "2018.04.14"]
[Round "1"]
[White "Mariotti, Sergio"]
[Black "Wielosz, Jaroslaw"]
[Result "1/2-1/2"]
[ECO "C46"]
[WhiteElo "2288"]
[BlackElo "2038"]
[Annotator "NA"]
[PlyCount "49"]
[EventDate "2018.??.??"]
[EventCountry "POL"]
[SourceTitle "playchess.com"]
[Source "ChessBase"]
[SourceQuality "1"]
[WhiteTeam "Italy"]
[BlackTeam "Poland"]
[WhiteTeamCountry "ITA"]
[BlackTeamCountry "POL"]
[TimeControl "40/5400+30:1800+30"]

1. e4 e5 2. Nf3 Nc6 3. Nc3 g6 4. d4 exd4 5. Nxd4 Bg7 6. Be3 Nf6 7. f3 d6 8. Bb5 Bd7 9. O-O O-O 10. Re1 Re8 11. Bf2 $11 h6 12. Qd2 a6 13. Bf1 Nxd4 14. Bxd4 Bc6 15. Rad1 Nd7 16. Bxg7 Kxg7 17. f4 Qf6 18. g3 Rad8 19. Bg2 Nc5 20. b3 a5 21. a4 Kh7 22. Re3 Qg7 23. Rde1 Rd7 24. h4 h5 25. Qf2 1/2-1/2

[Event "ESTCC U50 2018"]
[Site "Walbrzych"]
[Date "2018.04.14"]
[Round "1"]
[White "Lewis, Andrew P"]
[Black "Pietinen, Pekka"]
[Result "1-0"]
[ECO "A04"]
[WhiteElo "2279"]
[BlackElo "1983"]
[Annotator "NA"]
[PlyCount "83"]
[EventDate "2018.??.??"]
[EventCountry "POL"]
[SourceTitle "playchess.com"]
[Source "ChessBase"]
[SourceQuality "1"]
[WhiteTeam "England"]
[BlackTeam "Finland"]
[WhiteTeamCountry "ENG"]
[BlackTeamCountry "FIN"]
[TimeControl "40/5400+30:1800+30"]

1. Nf3 g6 2. c4 Bg7 3. Nc3 d6 4. d4 Nf6 5. e4 Nbd7 6. Be2 c6 7. O-O e5 8. d5 c5 9. a3 {[%emt 0:03:08] E90: King's Indian: Classical: Early deviations and 6 h3} O-O 10. Bg5 (10. Ne1 Ne8 11. Nd3 f5 12. f3 f4 13. b4 b6 14. Bd2 h5 15. Rb1 g5 16. bxc5 dxc5 {0-1 (38) Wagner,D (2575)-Movsesian,S (2658) Berlin 2015}) 10... h6 11. Bh4 Nb8 $146 ({Find the theoretical novelty and annotate with similar games:} 11... a6 12. Nd2 Qc7 13. Qc2 h5 14. b4 Bh6 15. Bxf6 Nxf6 16. bxc5 Qxc5 17. Nb3 Qc7 18. a4 Bd7 {1-0 (48) Bellini,F (2503)-Vezzosi,P (2371) Reggio Emilia 2004}) 12. Nd2 Qd7 13. b4 Na6 14. Rb1 Nh7 15. f3 f5 16. Bf2 b6 17. Bd3 f4 18. Bc2 Qe7 19. Ba4 Bd7 20. Bc6 Rad8 21. Bxd7 Qxd7 22. Qa4 Qxa4 23. Nxa4 Nf6 24. Nc3 Rf7 25. bxc5 dxc5 26. Nd1 Ne8 27. Nb2 Bf8 28. Nd3 Bd6 29. Rb3 Kg7 30. Nb1 Kf6 31. Nc3 Nec7 32. Rc1 g5 33. Nb5 Nxb5 34. cxb5 Nc7 35. Nb2 Ne8 36. Nc4 Bc7 37. Be1 Re7 $14 38. a4 Nd6 39. Kf1 Rg8 40. a5 Reg7 41. Nxe5 Kxe5 42. Bc3# 1-0

[Event "ESTCC U50 2018"]
[Site "Walbrzych"]
[Date "2018.04.14"]
[Round "1"]
[White "Fatalibekova, Elena"]
[Black "De la Orden Alcocer, Alejandro"]
[Result "1-0"]
[ECO "A40"]
[WhiteElo "2195"]
[BlackElo "2013"]
[Annotator "NA"]
[PlyCount "59"]
[EventDate "2018.??.??"]
[EventCountry "POL"]
[SourceTitle "playchess.com"]
[Source "ChessBase"]
[SourceQuality "1"]
[WhiteTeam "Russia"]
[BlackTeam "Spain"]
[WhiteTeamCountry "RUS"]
[BlackTeamCountry "ESP"]
[TimeControl "40/5400+30:1800+30"]

1. d4 g6 2. e4 c6 3. c4 d5 4. e5 Bg7 5. Nc3 Nh6 6. Bf4 f6 7. exf6 exf6 8. cxd5 O-O 9. Bc4 Re8+ 10. Nge2 Kh8 11. O-O Bg4 12. f3 Bd7 13. dxc6 Nxc6 14. Ne4 Nf5 15. g4 Nfxd4 16. Nxd4 Qb6 17. Be3 Qxb2 18. Rb1 Qa3 19. Nc2 Qe7 20. Bc5 Qd8 21. Nd6 Ne5 22. f4 Qc7 23. Qd4 Nxc4 24. Rxb7 Qc6 25. Nf7+ Kg8 26. Rxd7 Qe6 27. f5 Qe2 28. Rf2 Qe4 29. Ng5 Qc6 30. Qxc4+ 1-0

[Event "ESTCC U50 2018"]
[Site "Walbrzych"]
[Date "2018.04.14"]
[Round "1"]
[White "Viljava, Tapani"]
[Black "Kowalczuk, Wojciech"]
[Result "1/2-1/2"]
[ECO "B31"]
[WhiteElo "2162"]
[BlackElo "2049"]
[Annotator "NA"]
[PlyCount "134"]
[EventDate "2018.??.??"]
[EventCountry "POL"]
[SourceTitle "playchess.com"]
[Source "ChessBase"]
[SourceQuality "1"]
[WhiteTeam "Finland"]
[BlackTeam "Poland"]
[WhiteTeamCountry "FIN"]
[BlackTeamCountry "POL"]
[TimeControl "40/5400+30:1800+30"]

1. e4 c5 2. Nf3 Nc6 3. Bb5 g6 4. O-O Bg7 5. c3 Qb6 6. a4 a6 7. Bxc6 Qxc6 8. Re1 Nf6 9. d4 d6 $14 10. d5 Qc7 11. a5 O-O 12. Nbd2 Bd7 13. Nc4 Rad8 14. h3 e5 15. Nb6 h6 16. Bd2 Be8 17. b4 Nd7 18. Nxd7 Bxd7 19. Be3 f5 20. bxc5 dxc5 21. Qb3 Kh7 22. Reb1 f4 23. Bc1 Bc8 24. Qc4 Rf6 25. Nd2 Bd7 26. Qb3 Rb8 27. f3 b5 28. axb6 Rfxb6 29. Qa2 Rxb1 30. Rxb1 Rxb1 31. Qxb1 Qa5 32. Qb2 c4 33. Qb4 Qxb4 34. cxb4 Bb5 35. Bb2 Bf8 36. Bc3 Bd6 37. Kf2 g5 38. Nb1 Kg6 39. g4 fxg3+ 40. Kxg3 Kf6 41. Nd2 Bc7 42. h4 Bb6 43. hxg5+ hxg5 44. Nb1 Bd4 45. Bd2 Bd7 46. Nc3 Kg6 47. Ne2 Bb5 48. Bc3 Bxc3 49. Nxc3 Bd7 50. Kf2 Kf6 51. Ke3 Ke7 52. Ne2 Bh3 53. Kd2 Bg2 54. Ng1 Kd6 55. Ke2 g4 56. Ke3 gxf3 57. Nxf3 c3 58. Ne1 Bf1 59. Kf2 c2 60. Nxc2 Bd3 61. Ne3 Bxe4 62. Ke2 Bxd5 63. Kd3 Kc6 64. Ng4 Kb5 65. Nxe5 Kxb4 66. Kc2 a5 67. Kb2 a4 1/2-1/2

[Event "ESTCC U50 2018"]
[Site "Walbrzych"]
[Date "2018.04.14"]
[Round "1"]
[White "Laszewicz, Pawel"]
[Black "Tuomala, Timo"]
[Result "1/2-1/2"]
[ECO "B28"]
[WhiteElo "2110"]
[BlackElo "2197"]
[Annotator "NA"]
[PlyCount "121"]
[EventDate "2018.??.??"]
[EventCountry "POL"]
[SourceTitle "playchess.com"]
[Source "ChessBase"]
[SourceQuality "1"]
[WhiteTeam "Poland"]
[BlackTeam "Finland"]
[WhiteTeamCountry "POL"]
[BlackTeamCountry "FIN"]
[TimeControl "40/5400+30:1800+30"]

1. e4 c5 2. Nf3 a6 3. c4 d6 4. d4 cxd4 5. Nxd4 Nf6 6. Nc3 e6 7. Be2 Be7 8. O-O Qc7 9. Be3 b6 10. Rc1 O-O 11. f4 Bb7 12. Bf3 Nbd7 13. Re1 {[%emt 0:04:20] B41: Sicilian: Kan Variation: 5 c4} (13. g4 Nc5 14. Qc2 a5 15. g5 Nfd7 16. h4 Rae8 17. a3 Qb8 18. b4 axb4 19. axb4 e5 20. Nf5 exf4 21. Bxf4 {0-1 (41) Kirk,E (2324)-Dragun,K (2614) Teplice 2017}) 13... Nc5 $146 ({Predecessor:} 13... Rfd8 14. Nd5 exd5 15. cxd5 Qb8 16. Nc6 Bxc6 17. dxc6 Ra7 18. cxd7 Raxd7 19. Rc6 Rb7 20. Qb3 b5 21. Rxa6 Nd7 {½-½ (21) Holland,A (1591)-Hoerath,M (1789) Nürnberg 2014}) 14. Bf2 Rac8 15. f5 e5 16. Nc2 b5 17. cxb5 axb5 18. Nb4 Qa5 19. a3 Na4 20. Nxa4 bxa4 21. Qd3 Rc7 22. Rxc7 Qxc7 23. Qb5 Ra8 24. Bb6 Qd7 25. Qd3 Rc8 26. Rd1 Bc6 27. Rc1 Qb7 28. Qa6 Qxa6 29. Nxa6 $11 Bb7 30. Rxc8+ Bxc8 31. Nb4 Bb7 32. Nd5 Nxd5 33. exd5 Kf8 34. Kf2 Bg5 35. Ba5 Ke7 36. Bd1 Bc1 37. Bc3 Bxd5 38. Bxa4 Be4 39. g4 h5 40. h3 hxg4 41. hxg4 Kf6 42. Bd7 Bb7 43. Ke2 d5 44. Kd1 Bf4 45. Bd2 Kg5 46. b4 d4 47. b5 Bf3+ 48. Ke1 e4 49. Bxf4+ Kxf4 50. b6 e3 51. Bb5 Ke5 52. a4 Kd6 53. a5 Kc5 54. Bd3 Kc6 55. g5 f6 56. gxf6 gxf6 57. Kf1 Kc5 58. Kg1 Kc6 59. Kf1 Kc5 60. Ke1 Kc6 61. Kf1 1/2-1/2

[Event "ESTCC U50 2018"]
[Site "Walbrzych"]
[Date "2018.04.14"]
[Round "1"]
[White "Wagner-Michel, Annett"]
[Black "Germann, Martin"]
[Result "1/2-1/2"]
[ECO "C01"]
[WhiteElo "2104"]
[BlackElo "1755"]
[Annotator "NA"]
[PlyCount "92"]
[EventDate "2018.??.??"]
[EventCountry "POL"]
[SourceTitle "playchess.com"]
[Source "ChessBase"]
[SourceQuality "1"]
[WhiteTeam "Germany"]
[BlackTeam "Switzerland"]
[WhiteTeamCountry "GER"]
[BlackTeamCountry "SUI"]
[TimeControl "40/5400+30:1800+30"]

1. e4 e6 2. d4 d5 3. exd5 exd5 4. Bd3 Bd6 5. Ne2 Bg4 6. Nbc3 {C01: French: Exchange Variation} (6. c3 Nf6 7. Bg5 Nbd7 8. O-O O-O 9. Nd2 Re8 10. Re1 c5 11. dxc5 Bxc5 12. Bh4 Qb6 13. Nb3 Bd6 {½-½ (21) Dvorak,T (2331)-Laznicka,V (2429) Czechia 2004}) 6... Ne7 7. h3 $146 ({Predecessor:} 7. f3 Bh5 8. Bg5 f6 9. Be3 Nbc6 10. Qd2 Qd7 11. O-O-O O-O-O 12. Bf4 g5 13. Bxd6 Qxd6 {½-½ (35) Skrabakova,K (1991)-Srna,J (1984) Slovakia 2013}) 7... Bh5 8. f4 Bg6 9. O-O Bxd3 10. Qxd3 c6 11. f5 Nd7 12. Bg5 Nf6 13. Rae1 Qc7 14. Nf4 O-O-O 15. Bxf6 gxf6 16. Nh5 Rhg8 17. Nxf6 Rg3 18. Re3 h6 19. Rxg3 Bxg3 20. Ne2 Bd6 21. Kh1 c5 22. dxc5 Qxc5 23. c3 Bc7 24. Qd4 Qd6 25. g3 Bb6 (25... Qa6 $5 26. Re1 $8 (26. Rf2 $2 Bb6 $19) 26... Nxf5 $15) 26. Qh4 Qe5 27. Nd4 Nc6 28. Rd1 Nxd4 ({Black should try} 28... Rh8 $17 29. Nh5 Nxd4 30. cxd4 Qxf5) 29. cxd4 Qe2 30. Rc1+ Kb8 31. Qf4+ Ka8 32. Nxd5 Qxb2 $14 33. Nc7+ Bxc7 34. Qxc7 Rb8 35. d5 Qxa2 36. Qc5 Qe2 37. d6 Qf3+ 38. Kh2 Qe2+ 39. Kg1 Qf3 40. Qf2 Qd5 41. Ra1 a6 42. Qb6 Rg8 43. Ra3 Qd1+ 44. Kg2 Qd2+ 45. Kf3 Qd1+ 46. Kf4 Qc1+ 1/2-1/2

[Event "ESTCC U50 2018"]
[Site "Walbrzych"]
[Date "2018.04.14"]
[Round "1"]
[White "Lembidakis, Michael"]
[Black "Scowen, Roger S"]
[Result "0-1"]
[ECO "C02"]
[WhiteElo "2069"]
[BlackElo "1882"]
[Annotator "NA"]
[PlyCount "37"]
[EventDate "2018.??.??"]
[EventCountry "POL"]
[SourceTitle "playchess.com"]
[Source "ChessBase"]
[SourceQuality "1"]
[WhiteTeam "FIN"]
[BlackTeam "ENG"]
[WhiteTeamCountry "SCO"]
[BlackTeamCountry "ENG"]
[TimeControl "40/5400+30:1800+30"]

1. e4 e6 2. d4 d5 3. e5 c5 4. Nf3 Nc6 5. Bg5 Qb6 6. b3 cxd4 7. Bd3 Bb4+ 8. Bd2 Nge7 9. O-O Ng6 10. Re1 Bd7 11. c3 dxc3 12. Nxc3 a6 13. Na4 Qa5 14. Rc1 Bxd2 15. Nxd2 Ncxe5 16. Rc5 Qb4 17. Bxg6 Nxg6 18. Rxd5 Bc6 19. Rg5 0-1

[Event "ESTCC U50 2018"]
[Site "Walbrzych"]
[Date "2018.04.14"]
[Round "1"]
[White "Lopez de Turiso, Jose Angel"]
[Black "Sirotkina, Nina"]
[Result "0-1"]
[ECO "B01"]
[WhiteElo "2064"]
[BlackElo "2175"]
[Annotator "NA"]
[PlyCount "52"]
[EventDate "2018.??.??"]
[EventCountry "POL"]
[SourceTitle "playchess.com"]
[Source "ChessBase"]
[SourceQuality "1"]
[WhiteTeam "Spain"]
[BlackTeam "Russia"]
[WhiteTeamCountry "ESP"]
[BlackTeamCountry "RUS"]
[TimeControl "40/5400+30:1800+30"]

1. e4 d5 2. exd5 Qxd5 3. Nf3 Nf6 4. d4 Bg4 5. Be2 c6 6. O-O e6 7. c4 Qd6 8. Nc3 Be7 9. Be3 Nbd7 10. a3 O-O 11. b4 Qc7 12. Qb3 e5 13. d5 cxd5 14. cxd5 e4 15. Nd4 Qe5 16. g3 Qh5 17. f3 exf3 18. Bxf3 Bxf3 19. Nxf3 Ng4 20. Bd4 Bf6 21. Rad1 Rfe8 22. Qa2 Ne3 23. Bxf6 Nxf6 24. Nd4 Nxd1 25. Rxd1 Re3 26. Qd2 Rxc3 0-1

[Event "ESTCC U50 2018"]
[Site "Walbrzych"]
[Date "2018.04.14"]
[Round "1"]
[White "Van Herck, Marcel"]
[Black "Aird, Ian"]
[Result "1/2-1/2"]
[ECO "C64"]
[WhiteElo "2061"]
[BlackElo "1785"]
[Annotator "NA"]
[PlyCount "60"]
[EventDate "2018.??.??"]
[EventCountry "POL"]
[SourceTitle "playchess.com"]
[Source "ChessBase"]
[SourceQuality "1"]
[WhiteTeam "Belgium"]
[BlackTeam "Scotland"]
[WhiteTeamCountry "BEL"]
[BlackTeamCountry "SCO"]
[TimeControl "40/5400+30:1800+30"]

1. e4 e5 2. Nf3 Nc6 3. Bb5 Bc5 4. O-O Nd4 5. Nxd4 Bxd4 6. c3 Bb6 7. d4 c6 8. Ba4 d6 9. Na3 Nf6 10. Qd3 {C64: Ruy Lopez: Classical Defence (3...Bc5) except 4 0-0 Nf6} (10. Bc2 Be6 11. h3 h6 12. Be3 O-O 13. dxe5 dxe5 14. Qf3 Bxe3 15. Qxe3 Qb6 16. Qxb6 axb6 17. Rfe1 Rfd8 18. Bb3 Bxb3 19. axb3 {½-½ (61) Perez Ponsa,F (2585)-Vallejo Pons,F (2711) Doha 2016}) 10... O-O 11. Bg5 h6 12. Bh4 Qe7 13. Rae1 $146 ({Predecessor:} 13. Bc2 g5 14. Bg3 exd4 15. cxd4 Qxe4 {1-0 (15) Kujawski,A (2296)-Tustanowski,R (2211) Jastrzebia Gora 2016}) 13... g5 14. Bg3 Nh5 15. Nc4 Nf4 16. Bxf4 gxf4 17. Kh1 Bc7 18. Bd1 Kh8 19. g3 Qf6 20. gxf4 Qxf4 21. Qg3 Qg5 22. Ne3 f5 $14 23. Qxg5 hxg5 24. exf5 Bxf5 25. dxe5 dxe5 26. Nxf5 Rxf5 27. Bg4 Rf4 28. f3 Raf8 29. Kg2 e4 30. Rxe4 Rxe4 1/2-1/2

[Event "ESTCC U50 2018"]
[Site "Walbrzych"]
[Date "2018.04.14"]
[Round "1"]
[White "Reuben, Stewart"]
[Black "Telenius, Kimmo"]
[Result "1-0"]
[ECO "A10"]
[WhiteElo "2026"]
[BlackElo "1603"]
[Annotator "NA"]
[PlyCount "59"]
[EventDate "2018.??.??"]
[EventCountry "POL"]
[SourceTitle "playchess.com"]
[Source "ChessBase"]
[SourceQuality "1"]
[WhiteTeam "ENG"]
[BlackTeam "FIN"]
[WhiteTeamCountry "ENG"]
[BlackTeamCountry "FIN"]
[TimeControl "40/5400+30:1800+30"]

1. c4 d6 2. Nc3 Nf6 3. g3 g6 4. Bg2 Bg7 5. d4 c6 6. e4 O-O 7. Nge2 a5 8. O-O Na6 9. h3 Qc7 10. Be3 Bd7 11. Qd2 Qc8 12. Kh2 Rd8 13. Rac1 Ne8 14. f4 f5 15. e5 Kh8 16. e6 Bxe6 17. Na4 d5 18. Nb6 Qc7 19. Nxa8 Rxa8 20. cxd5 Bd7 21. dxc6 bxc6 22. d5 Rb8 23. dxc6 Be6 24. b3 Nd6 25. Bd4 Nb5 26. Bxg7+ Kxg7 27. Nd4 Bc8 28. Nxb5 Rxb5 29. Rfe1 Nb8 30. Qe2 1-0

[Event "ESTCC U50 2018"]
[Site "Walbrzych"]
[Date "2018.04.14"]
[Round "1"]
[White "Roth, Martin"]
[Black "Kierzek, Mira"]
[Result "0-1"]
[ECO "B32"]
[WhiteElo "2008"]
[BlackElo "2011"]
[Annotator "NA RC"]
[PlyCount "58"]
[EventDate "2018.??.??"]
[EventCountry "POL"]
[SourceTitle "playchess.com"]
[Source "ChessBase"]
[SourceQuality "1"]
[WhiteTeam "SUI"]
[BlackTeam "GER"]
[WhiteTeamCountry "GER"]
[BlackTeamCountry "GER"]
[TimeControl "40/5400+30:1800+30"]

1. e4 c5 2. Nf3 Nc6 3. d4 cxd4 4. c3 dxc3 5. Nxc3 a6 6. Bc4 e6 7. O-O Qc7 8. Qe2 Bd6 9. Rd1 {B21: Sicilian: 2 f4 and Morra Gambit} (9. Re1 b5 10. Bb3 Nge7 11. e5 Bb4 12. Bd2 d5 13. exd6 Bxd6 14. Ne4 Bb7 15. Nfg5 Nd8 16. Rac1 Qb8 17. Nxd6+ Qxd6 {1-0 (42) Ohtake,S (2546)-Solari,A (2493) ICCF email 2007}) 9... Ne5 10. Nxe5 Bxe5 11. g3 b5 12. Bb3 Ne7 13. Be3 O-O $146 ({Predecessor:} 13... Bb7 14. Rac1 Qa5 15. f4 Bxc3 16. Rxc3 Bc6 {½-½ (24) Inksetter,M (1555)-Laszlo,R (1773) Ottawa 2005}) 14. Rac1 Nc6 15. Nd5 exd5 16. exd5 Bb7 17. dxc6 dxc6 18. Bc5 Rfe8 19. Re1 h6 20. Rcd1 g6 21. Qg4 Bg7 $18 22. Qxg6 Re6 23. Bxe6 fxe6 24. Qxe6+ Kh8 25. Rd7 Qc8 26. Qe7 Qg8 27. Rxb7 Bxb2 28. Qh4 Bg7 29. Bd4 Qd8 0-1

[Event "ESTCC U50 2018"]
[Site "Walbrzych"]
[Date "2018.04.14"]
[Round "1"]
[White "Sihvonen, Tero"]
[Black "Daleczko, Zbigniew"]
[Result "0-1"]
[ECO "B20"]
[WhiteElo "1988"]
[BlackElo "1835"]
[Annotator "NA"]
[PlyCount "164"]
[EventDate "2018.??.??"]
[EventCountry "POL"]
[SourceTitle "playchess.com"]
[Source "ChessBase"]
[SourceQuality "1"]
[WhiteTeam "Finland"]
[BlackTeam "Poland"]
[WhiteTeamCountry "FIN"]
[BlackTeamCountry "POL"]
[TimeControl "40/5400+30:1800+30"]

1. e4 c5 2. g3 Nc6 3. Bg2 g6 4. Ne2 Bg7 5. O-O d6 6. h3 Nf6 7. d3 Rb8 8. a4 O-O 9. Be3 Bd7 10. Nbc3 a6 11. Qd2 e5 12. Bg5 Qc8 13. Kh2 Ne8 14. Nd5 f6 $14 15. Bh6 Qd8 16. a5 Ne7 17. Nec3 Nc7 18. Bxg7 Kxg7 19. f4 Ncxd5 20. exd5 Qc7 21. Rf2 Rbe8 22. Ne2 b5 23. axb6 Qxb6 24. Rff1 Rb8 25. b3 Qd8 26. Rxa6 Bc8 27. Ra7 Rf7 28. Qa5 Qxa5 29. Rxa5 Nf5 30. Rfa1 Ne3 31. R1a2 Rb4 32. R5a4 Rfb7 33. Rxb4 Rxb4 34. Bf3 Bb7 35. fxe5 fxe5 36. Nc3 Kf6 37. Kg1 Ke7 38. Kf2 Nf5 39. Ra7 Nd4 40. Bd1 Kd8 41. Ne4 Rb6 42. Nc3 Nb5 43. Nxb5 Rxb5 44. c4 Rb6 45. Kf3 Kc7 46. Kg4 Kb8 47. Ra2 Bc8+ 48. Kh4 Rb7 49. Rf2 Bf5 50. Bc2 Re7 51. g4 Bd7 52. Kg5 h5 53. Rf6 hxg4 54. hxg4 Kc7 55. Rxg6 Be8 56. Kf6 Rf7+ 57. Ke6 Rh7 58. Rg5 Bd7+ 59. Kf6 Rh2 60. d4 Rxc2 61. dxe5 Rf2+ 62. Ke7 dxe5 63. Rxe5 Bxg4 64. d6+ Kc6 65. Rd5 Re2+ 66. Kf6 Bd7 67. Rd3 Re6+ 68. Kf7 Rxd6 69. Rg3 Bf5 70. Rg2 Rd7+ 71. Kf6 Be4 72. Rb2 Rb7 73. Ke5 Bd3 74. Rf2 Re7+ 75. Kf6 Rb7 76. Ke5 Re7+ 77. Kf6 Re1 78. Rh2 Kd6 79. Rd2 Re3 80. Rb2 Re2 81. Rd2 Re3 82. Rb2 Re2 0-1

[Event "ESTCC U50 2018"]
[Site "Walbrzych"]
[Date "2018.04.14"]
[Round "1"]
[White "Ciuro Munoz, Ricardo"]
[Black "Fatalibekova, Elena"]
[Result "1/2-1/2"]
[ECO "B50"]
[WhiteElo "1972"]
[BlackElo "2195"]
[Annotator "NA"]
[PlyCount "35"]
[EventDate "2018.??.??"]
[EventCountry "POL"]
[SourceTitle "playchess.com"]
[Source "ChessBase"]
[SourceQuality "1"]
[WhiteTeam "Spain"]
[BlackTeam "Russia"]
[WhiteTeamCountry "ESP"]
[BlackTeamCountry "RUS"]
[TimeControl "40/5400+30:1800+30"]

1. e4 c5 2. Nf3 d6 3. d3 Nc6 4. g3 g6 5. Bg2 Bg7 6. O-O Nf6 7. c3 O-O 8. Nbd2 Bd7 9. a3 b5 10. b4 cxb4 11. axb4 a5 12. bxa5 Rxa5 13. Bb2 d5 14. exd5 $11 (14. Rxa5 $14 Qxa5 15. e5) 14... Nxd5 15. Qb3 Nb6 16. c4 Bxb2 17. Qxb2 bxc4 18. Nxc4 1/2-1/2

[Event "ESTCC U50 2018"]
[Site "Walbrzych"]
[Date "2018.04.14"]
[Round "1"]
[White "Szmyd, Marek"]
[Black "Salonen, Jyrki"]
[Result "1/2-1/2"]
[ECO "A01"]
[WhiteElo "1898"]
[BlackElo "2159"]
[Annotator "NA"]
[PlyCount "88"]
[EventDate "2018.??.??"]
[EventCountry "POL"]
[SourceTitle "playchess.com"]
[Source "ChessBase"]
[SourceQuality "1"]
[WhiteTeam "Poland"]
[BlackTeam "Finland"]
[WhiteTeamCountry "POL"]
[BlackTeamCountry "FIN"]
[TimeControl "40/5400+30:1800+30"]

1. b3 e5 2. Bb2 Nc6 3. e3 d6 4. Nf3 e4 5. Nd4 Nxd4 6. Bxd4 Nf6 7. Be2 Be7 8. O-O O-O 9. d3 exd3 10. Qxd3 Nd7 11. c4 Bf6 12. Bxf6 Qxf6 13. Nc3 Nc5 14. Qd4 Qe5 15. Qxe5 dxe5 16. Nd5 c6 17. Ne7+ Kh8 18. Nxc8 Raxc8 19. Rfd1 Rcd8 20. f3 a5 21. Rxd8 Rxd8 22. Rd1 Rxd1+ 23. Bxd1 g6 24. Bc2 Kg7 25. Kf2 Kf6 26. a3 Ke6 27. Ke2 Kd6 28. Kd2 Na6 29. Kc3 Kc5 30. f4 exf4 31. exf4 b5 32. cxb5 cxb5 33. h4 b4+ 34. axb4+ axb4+ 35. Kd3 Kd5 36. g4 Nc5+ 37. Ke3 h6 38. Bd1 f6 39. g5 hxg5 40. fxg5 fxg5 41. hxg5 Ke5 42. Bc2 Nxb3 43. Bxb3 Kf5 44. Bc2+ Kxg5 1/2-1/2

[Event "ESTCC U50 2018"]
[Site "Walbrzych"]
[Date "2018.04.14"]
[Round "1"]
[White "Giulian, Rosemary A"]
[Black "Deleyn, Gunter"]
[Result "1-0"]
[ECO "B06"]
[WhiteElo "1880"]
[BlackElo "2200"]
[Annotator "NA"]
[PlyCount "62"]
[EventDate "2018.??.??"]
[EventCountry "POL"]
[SourceTitle "playchess.com"]
[Source "ChessBase"]
[SourceQuality "1"]
[WhiteTeam "Scotland"]
[BlackTeam "Belgium"]
[WhiteTeamCountry "SCO"]
[BlackTeamCountry "BEL"]
[TimeControl "40/5400+30:1800+30"]

1. e4 g6 2. d4 Bg7 3. Nc3 d6 4. Be3 a6 5. Qd2 b5 6. f3 c6 7. O-O-O {[%emt 0:04:05] B06: Modern Defence} (7. a4 b4 8. Nd1 a5 9. Bd3 Nd7 10. Ne2 Ngf6 11. Bh6 Bxh6 12. Qxh6 e5 13. c3 bxc3 14. bxc3 Ng8 {½-½ (53) Efimenko,Z (2701)-Nijboer,F (2584) Wijk aan Zee 2011}) 7... Qc7 8. h4 h5 9. g3 $146 ({Predecessor:} 9. Nh3 Bxh3 10. Rxh3 Nd7 11. g4 hxg4 12. fxg4 b4 13. Na4 Qa5 {1-0 (46) Luther,T (2470)-Hargens,T (2255) Germany 1991}) 9... Nd7 10. Bh3 Ngf6 11. Kb1 Nb6 12. b3 b4 13. Nce2 a5 14. Bxc8 Rxc8 15. Nh3 c5 16. dxc5 dxc5 17. Nef4 O-O 18. Qe2 Nxe4 19. fxe4 Qe5 20. Bd4 cxd4 21. Rd3 Rc6 22. Ng5 Rfc8 23. Nf3 Qc7 24. Rc1 e5 25. Nd5 Nxd5 26. exd5 Rc5 27. Ng5 Rxd5 28. g4 hxg4 29. Qxg4 f5 $19 30. Qg2 Rd6 31. Rf1 e4 1-0